Map: Ruins of Seras

Players

Kantuva - Winner!

  • Race: Zerg Zerg

Petraeus

  • Race: Terran Terran

VOD

Have the link to the VOD?

Description

Time

  • Played on: April 1, 2015, 7:19 p.m.
  • Length: 8:52
Show
View Real Time Build Order
Export as new Build Order

Kantuva Zerg - Winner!

Build Orders: Hatch First, Muta Ling Bane 

Get SALT Encoding   

  12  0:01  Drone  
  13  0:12  Overlord  
  13  0:40  Hatchery  
  12  0:44  Drone  
  12  0:46  Drone  
  14  0:51  Drone  
  14  0:57  Extractor  
  14  1:02  Drone  
  15  1:16  Spawning Pool  
  14  1:20  Drone  
  14  1:23  Drone  
  16  1:32  Drone  
  17  1:40  Drone  
  18  2:02  Queen x2  
  18  2:03  Metabolic Boost  
  22  2:09  Overlord  
  22  2:13  Zergling x2  
  23  2:19  Zergling x2  
  24  2:26  Drone x3  
  27  2:40  Drone x3  
  30  2:48  Baneling Nest  
  30  2:50  Drone x2  
  31  2:59  Drone x2  
  33  3:06  Overlord  
  33  3:15  Drone x2  
  35  3:24  Queen x2  
  38  3:36  Zergling x2  
  38  3:37  Zergling x8  
  43  3:47  Extractor  
  41  3:49  Extractor  
  41  3:50  Extractor  
  39  3:57  Overlord  
  39  3:59  Overlord  
  39  4:09  Drone x5  
  44  4:20  Drone x2  
  44  4:21  Drone x6  
  52  4:37  Overlord  
  52  4:39  Overlord  
  52  4:40  Overlord x2  
  52  4:42  Lair  
  52  4:45  Drone  
  51  5:05  Drone x3  
  51  5:06  Drone  
  55  5:14  Zergling x6  
  55  5:15  Zergling x6  
  61  5:22  Hatchery  
  60  5:30  Evolution Chamber  
  60  5:31  Evolution Chamber  
  58  5:38  Overlord  
  58  5:45  Spore Crawler  
  58  5:47  Spore Crawler, Overlord  
  58  5:49  Extractor x2  
  54  6:01  Spire  
  52  6:05  Overlord x2  
  48  6:17  Overlord x2  
  48  6:21  Drone x7  
  55  6:29  Drone x4  
  55  6:31  Spore Crawler  
  58  6:33  Overlord  
  58  6:57  Centrifical Hooks  
  58  7:15  Mutalisk  
  58  7:16  Mutalisk x11  
  58  7:22  Overlord  
  82  7:26  Drone x3  
  85  7:35  Drone x3  
  88  7:41  Mutalisk  
  90  7:45  Drone x3  
  93  7:53  Drone x5  
  98  7:59  Drone x3  
  98  8:03  Overseer x2  
  101  8:24  Zergling x24  
  110  8:31  Overlord  
  110  8:44  Spore Crawler x2  
  110  8:45  Spore Crawler  
  110  8:46  Spore Crawler  
Show
View Real Time Build Order
Export as new Build Order

Petraeus Terran 

Build Orders: Siege Tank Drop 

Get SALT Encoding   

  12  0:02  SCV  
  13  0:16  SCV  
  13  0:19  Supply Depot  
  14  0:28  SCV  
  15  0:41  SCV  
  16  0:42  Refinery  
  16  0:50  Barracks  
  16  0:53  SCV  
  17  1:06  SCV  
  18  1:18  SCV  
  19  1:38  Refinery  
  19  1:46  Factory  
  19  1:50  Command Center  
  19  1:57  Barracks Tech Lab  
  19  2:00  Orbital Command  
  19  2:25  SCV  
  20  2:34  Starport  
  23  2:44  Siege Tank  
  23  3:01  SCV, Marine  
  23  3:03  Orbital Command  
  25  3:05  Supply Depot  
  25  3:09  Medivac  
  27  3:13  SCV  
  28  3:22  Siege Tank  
  31  3:38  Marine  
  28  3:54  Medivac  
  30  3:58  SCV  
  30  3:59  SCV  
  32  4:07  Marine  
  33  4:10  SCV  
  33  4:11  SCV  
  33  4:15  Bunker  
  35  4:17  Siege Tank  
  35  4:23  SCV x2  
  39  5:13  SCV x2  
  41  5:16  Refinery  
  41  5:17  Refinery  
  41  5:25  SCV x2  
  43  5:29  Factory Tech Lab, Starport  
  43  5:30  Fusion Core  
  43  5:34  Supply Depot  
  43  5:37  SCV x2  
  45  5:49  SCV  
  46  6:23  Hyperflight Rotors  
  46  6:26  Banshee x2  
  46  6:28  SCV x2  
  54  6:40  SCV x2  
  56  6:49  Supply Depot  
  56  6:52  SCV  
  56  6:53  SCV  
  58  7:01  Cloaking Field  
  58  7:05  SCV x2  
  60  7:09  Barracks Tech Lab, Barracks  
  60  7:10  Banshee x2, Barracks x2  
  60  7:11  Barracks  
  66  7:16  Supply Depot  
  66  7:26  SCV x2  
  68  7:44  SCV x2  
  70  7:56  SCV x2  
  70  7:57  Command Center  
  72  7:58  Barracks Reactor  
  72  7:59  Barracks Reactor x2  
  72  8:00  Barracks Reactor  
  72  8:01  Marine  
  72  8:03  Supply Depot x2  
  72  8:04  Supply Depot  
Tags
 
Add a new tag
Caveats
  • Supply blocks, unpowered buildings, or Contaminate may cause inaccurate times.
  • Supply counts are checked every 10 seconds.